 Dungeon Crawl Stone Soup version 0.30.0-29-ga12c61a403 (webtiles) character file.

Game seed: 1021207629914260601

1 7w4c the Grasshopper (level 1, -1/9 HPs)
             Began as a Felid Wanderer on June 20, 2023.
             Killed from afar by a dart slug (3 damage)
             ... with a slug dart
             ... on level 1 of the Dungeon.
             The game lasted 00:03:13 (103 turns).

7w4c the Grasshopper (Felid Wanderer)                Turns: 103, Time: 00:03:13

Health: -1/9       AC:  1    Str:  7    XL:     1   Next: 16%
Magic:  4/4        EV: 15    Int: 12    God:
Gold:   34         SH:  0    Dex: 17    Spells: 3/4 levels left
                                        Lives:  0   Deaths: 0

rFire   . . .        (weapon unavailable)
rCold   . . .        (shield unavailable)
rNeg    . . .        (body armour unavailable)
rPois   .            (helmet unavailable)
rElec   .            (cloak unavailable)
rCorr   .            (gloves unavailable)
SInv    +            (boots unavailable)
Will    .....        (no amulet)
Stlth   ++           (no ring)
HPRegen 0.21/turn    (no ring)
MPRegen 0.09/turn

%: no passive effects
@: brilliant, quick
A: very small, claws 1, fangs 3, see invisible, speed 1, shaggy fur 1, stealthy
paws, no weapons or thrown items, no armour, multi-lived
a: no special abilities


You were on level 1 of the Dungeon.
You visited 1 branch of the dungeon, and saw 1 of its levels.

You collected 34 gold pieces.

Inventory:

Wands
 a - a wand of polymorph (2) (quivered)
Scrolls
 b - a scroll of fog
Potions
 c - a potion of haste {unknown}


   Skills:
 + Level 1.0 Fighting
 + Level 2.0 Spellcasting
 + Level 4.4 Translocations
 + Level 1.8 Ice Magic
 + Level 2.1 Evocations


You had 3 spell levels left.
You knew the following spells:

 Your Spells              Type           Power      Damage    Failure   Level
a - Freeze                Ice            32%        1d5       13%         1

Your spell library contained the following spells:

 Spells                   Type           Power      Damage    Failure   Level
 Apportation              Tloc           34%        N/A       4%          1
 Gell's Gravitas          Tloc           17%        N/A       13%         3
 Volatile Blastmotes      Fire/Tloc      18%        2d11      32%         3
 Ozocubu's Armour         Ice            8%         N/A       36%         3
 Summon Guardian Golem    Hex/Summ       1%         N/A       63%         3
 Orb of Destruction       Conj           0%         9d5       100%        7
 Spellforged Servitor     Conj/Summ      0%         N/A       100%        7


Dungeon Overview and Level Annotations

Branches:
Dungeon (1/15)

Altars:


Innate Abilities, Weirdness & Mutations

You have sharp claws.
You have razor-sharp teeth.
You have supernaturally acute eyesight. (SInv)
You cover ground quickly. (Speed+)
You are covered in fur. (AC +1)
Your paws help you pounce on unaware monsters.
You are incapable of wielding weapons or throwing items.
You cannot wear armour.
You gain extra lives every three experience levels.


Message History

The frilled lizard completely misses you.
You scratch the rat.
You kill the rat!
The frilled lizard barely misses you.
You barely miss the frilled lizard. You bite the frilled lizard.
You kill the frilled lizard!
The hobgoblin returns to its original shape as it dies.
You see here a hobgoblin corpse.
You pick up a book of Dangerous Friends and begin reading...
You add the spells Summon Guardian Golem, Orb of Destruction and Spellforged Servitor to your library.
c - an inky potion
There are no items here.
It was a potion of brilliance.
You feel clever all of a sudden.
c - a golden potion You see here a +0 ring mail.
A dart slug comes into view.
You now have 15 gold pieces.
Found a short sword.
The dart slug launches a dart at you. The slug dart misses you.
You see here 8 gold pieces.
You now have 23 gold pieces (gained 8).
A dart slug is nearby!
You see here 11 gold pieces.
You now have 34 gold pieces (gained 11).
Okay, then.
Casting: Freeze (safe; 13% risk of failure)
Confirm with . or Enter, or press ? or * to list all spells.
You can't see any susceptible monsters within range! (Use Z to cast anyway.)
A dart slug is nearby!
The dart slug launches a dart at you. The slug dart hits you.
The dart slug launches a dart at you. The slug dart hits you.
Ouch! That really hurt!
* * * LOW HITPOINT WARNING * * *
The dart slug launches a dart at you. The slug dart hits you.
You die...

#.................#
##................##
#.................#
#.................#
#.....†...........##
#..)....≈≈≈.≈≈≈....#
#####......≈≈....♣≈≈....
#......#..≈≈.♣..8..≈≈...
####.@.≈≈.........≈≈..
###.≈.....♣.....≈..
#.≈..8........≈..
#.≈≈.♣..<.8..≈≈..
#..≈≈.......≈≈...
##..≈≈.♣...≈≈..#.
##..≈≈≈≈≈≈≈..###
##..w.......###
#.............


You could see a dart slug.

Vanquished Creatures
  A frilled lizard (D:1)
  A rat (D:1)
2 creatures vanquished.

Notes
Turn   | Place    | Note
-------+----------+-------------------------------------------
     0 | D:1      | 7w4c the Felid Wanderer began the quest for the Orb.
     0 | D:1      | 7w4c set off with the following items: a wand of polymorph
                  | (4), a scroll of fog; and the following spells available to
                  | memorise: Apportation, Freeze, Gell's Gravitas, Volatile
                  | Blastmotes, Ozocubu's Armour.
     0 | D:1      | Reached XP level 1. HP: 9/9 MP: 4/4
     7 | D:1      | Learned a level 1 spell: Freeze
   103 | D:1      | Killed from afar by a dart slug

Illustrated notes

Levels and vault maps discovered:
D:1:      moated_graveyard_arrival, layout_rooms, basic_ecumenical_altar

Action                     || total
---------------------------++-------
  Melee: Unarmed           ||     8
         Bite              ||     2
  Evoke: Wand              ||     2
    Use: Potion            ||     1
 Armour: Skin              ||     1
  Dodge: Dodged            ||     9
